 Dungeon Crawl Stone Soup version 0.19-a0-1889-g9c603be (console) character file.

69 brucemayne the Chopper (level 4, -5/39 HPs)
             Began as a Hill Orc Monk on Oct 17, 2016.
             Killed by nerve-wracking pain
             ... invoked by Jessica
              (9 damage)
             ... on level 2 of the Dungeon.
             The game lasted 00:02:50 (586 turns).

brucemayne the Chopper (Hill Orc Monk)               Turns: 586, Time: 00:02:51

Health: -5/39      AC:  3    Str: 14    XL:     4   Next: 20%
Magic:  4/4        EV: 18    Int: 10    God:
Gold:   34         SH:  0    Dex: 18    Spells: 0 memorised, 3 levels left

rFire  + . .     SeeInvis .     a - +0 hand axe
rCold  . . .     Gourm    .     j - +0 leather armour
rNeg   . . .     Faith    .     (no shield)
rPois  .         Spirit   .     (no helmet)
rElec  .         Reflect  .     (no cloak)
rCorr  .         Harm     .     (no gloves)
MR     .....                    (no boots)
Stlth  +++.......               (no amulet)
                                (no ring)
                                l - ring of protection from fire

@: agile, lethally poisoned (-5 -> -12)
A: no striking features
a: no special abilities


You were on level 2 of the Dungeon.
You were not hungry.

You visited 1 branch of the dungeon, and saw 3 of its levels.

You collected 34 gold pieces.

Inventory:

Hand Weapons
 a - a +0 hand axe (weapon)
 m - a +1 dagger of holy wrath
Armour
 b - a +0 robe
 j - a +0 leather armour (worn)
Jewellery
 l - a ring of protection from fire (left hand)
Wands
 o - a wand of iceblast (5/15)
Scrolls
 d - a scroll of remove curse {unknown}
 e - 2 scrolls of identify
 f - a scroll of recharging {unknown}
 p - a scroll of fog {unknown}
 q - a scroll of noise {unknown}
Potions
 g - a potion of might
 i - a potion of berserk rage
Comestibles
 c - 2 bread rations


   Skills:
 - Level 3.6 Fighting
 + Level 6.5 Axes
 - Level 2.4 Dodging
 - Level 1.5 Stealth


You had 3 spell levels left.
You didn't know any spells.

Dungeon Overview and Level Annotations

Branches:
Dungeon (3/15)

Altars:
Dithmenos

Annotations:
D:2 Jessica
D:3 Sigmund


Message History

You feel sick. Jessica closely misses you.
You hit Jessica.
Jessica is almost dead.
You closely miss the leopard gecko.
* * * LOW HITPOINT WARNING * * *
You feel sick. The leopard gecko misses you. Jessica barely misses you.
You hit Jessica but do no damage.
Jessica is almost dead.
You hit the leopard gecko. The leopard gecko bites you.
* * * LOW HITPOINT WARNING * * *
Jessica hits you with a dagger.
* * * LOW HITPOINT WARNING * * *
You barely miss Jessica.
Jessica is almost dead.
You closely miss the leopard gecko.
* * * LOW HITPOINT WARNING * * *
You feel sick. The leopard gecko barely misses you.
Jessica gestures at you while chanting. Pain shoots through your body!
You die...

#.###. #.# ## #.# # #.# ##
#.###. #.##.. ###....#
#############......#
...########.l@@...............
..b)...<....######...........)
...#######.........##..<.....#
#............#......#
#........############
##########


You could see Jessica and a leopard gecko.

Vanquished Creatures
  Ijyb (D:3)
  2 adders
  An ooze (D:3)
  3 giant cockroaches
  4 goblins
  3 hobgoblins (D:1)
  3 kobolds
  5 bats
  A frilled lizard (D:3)
  A rat (D:2)
24 creatures vanquished.

Notes
Turn   | Place    | Note
-------+----------+-------------------------------------------
     0 | D:1      | brucemayne the Hill Orc Monk began the quest for the Orb.
     0 | D:1      | Reached XP level 1. HP: 19/19 MP: 1/1
   106 | D:1      | Reached XP level 2. HP: 11/26 MP: 2/2
   237 | D:3      | Reached skill level 5 in Axes
   267 | D:3      | Reached XP level 3. HP: 3/31 MP: 3/3
   295 | D:3      | Noticed Ijyb
   299 | D:3      | Killed Ijyb
   299 | D:3      | Reached skill level 6 in Axes
   314 | D:3      | Noticed Jessica
   345 | D:2      | Found a shadowy altar of Dithmenos.
   466 | D:3      | Reached XP level 4. HP: 15/39 MP: 4/4
   560 | D:3      | Noticed Sigmund
   586 | D:2      | Killed from afar by Jessica

Vault maps used:
D:1:      mainiacjoe_arrival_reflecting_pool
D:2:      wad_crossroads, marbit_many_paths, lemuel_round_altar, st_stairs_9
D:3:      dancing_weapons_uskayaw, first_bread, uniq_sigmund, uniq_iyjb,
          uniq_jessica

Skill      XL: |  1  2  3 |
---------------+----------+-----
Axes           | 5 6 |  6.5
Fighting       | |  3.6
Dodging        | |  2.4
Stealth        | |  1.5

Action                   |  1- 3 |  4- 6 || total
-------------------------+-------+-------++-------
Melee: Hand axe          |    65 |    19 ||    84
  Use: Potion            |     1 |     2 ||     3
       Scroll            |     1 |       ||     1
 Stab: Sleeping          |     1 |       ||     1
Armor: Robe              |     3 |       ||     3
       Leather armour    |    15 |     9 ||    24
Dodge: Dodged            |    56 |    29 ||    85
